 Dungeon Sprint DCSS version 0.26-a0-690-gcb57259078 (webtiles) character file.

Game seed: 1975994644730830276

35 sahdkjhfkaj the Covert (level 3, -3/16 HPs)
             Began as a Spriggan Enchanter on Oct 25, 2020.
             Was a Believer of Fedhas.
             Slain by a river rat (5 damage)
             ... in the Dungeon (Sprint VII: "The Pits").
             The game lasted 00:02:17 (209 turns).

sahdkjhfkaj the Covert (Spriggan Enchanter)          Turns: 209, Time: 00:02:18

Health: -3/16      AC:  2    Str:  4    XL:     3   Next: 17%
Magic:  0/8        EV: 18    Int: 16    God:    Fedhas [**....]
Gold:   0          SH:  0    Dex: 17    Spells: 4/7 levels left

rFire    . . .     SeeInvis +   c - +2 dagger
rCold    . . .     Faith    .   (shield restricted)
rNeg     . . .     Spirit   .   b - +0 robe
rPois    .         Reflect  .   (helmet restricted)
rElec    .         Harm     .   (no cloak)
rCorr    .         Rampage  .   (gloves unavailable)
MR       .....     NoTele   +   (boots unavailable)
Stlth    +++++.....             (no amulet)
HPRegen  0.05/turn              (no ring)
MPRegen  0.11/turn              (no ring)

@: very quick
A: very small, unfitting armour, see invisible, speed 3
a: Wall of Briars, Renounce Religion


You were in the Dungeon.
You worshipped Fedhas.
Fedhas was pleased with you.
You visited 1 branch

Inventory:

Hand Weapons
 c - a +2 dagger (weapon)
Armour
 b - a +0 robe (worn)
Scrolls
 i - a scroll of blinking {!r}
 j - 3 scrolls of remove curse
 k - 5 scrolls of amnesia
 l - a scroll of summoning
Potions
 a - 2 potions of invisibility {!q}
 d - a potion of curing {!q}
 e - a potion of heal wounds {!q}
 f - a potion of haste {!q}
 g - 4 potions of magic {!q}
 h - 3 potions of berserk rage {!q}


   Skills:
 - Level 1.1 Short Blades
 - Level 3.0 Dodging
 + Level 10.7 Stealth
 - Level 2.6 Spellcasting
 - Level 3.6 Hexes


You had 4 spell levels left.
You knew the following spells:

 Your Spells              Type           Power        Failure   Level
a - Corona                Hex            ##.....      4%          1
b - Ensorcelled Hibernat  Hex/Ice        #.....       14%         2

Your spell library contained the following spells:

 Spells                   Type           Power        Failure   Level
 Confusing Touch          Hex            ##......     13%         3
 Tukima's Dance           Hex            ##......     13%         3
 Dazzling Flash           Conj/Hex       #.....       28%         3


Dungeon Overview and Level Annotations

Branches:
Dungeon (1/1)

Altars:
Ashenzari
Cheibriados
Dithmenos
Elyvilon
Fedhas
Gozag
Hepliaklqana
Kikubaaqudgha
Makhleb
Nemelex Xobeh
Okawaru
Qazlal
Ru
Sif Muna
Trog
Uskayaw
Vehumet
Wu Jian
Xom
Yredelemnul
Zin
The Shining One
Beogh
Jiyva
Lugonu


Innate Abilities, Weirdness & Mutations

You are very small and have problems with some larger weapons.
You are too small for most types of armour.
You have supernaturally acute eyesight. (SInv)
You cover ground extremely quickly.


Message History

The river rat is severely wounded.
The river rat barely misses you.
You barely miss the river rat.
The river rat is severely wounded.
The river rat misses you.
You hit the river rat but do no damage.
The river rat is severely wounded.
The river rat misses you.
Unknown command.
Casting: Ensorcelled Hibernation (safe; 14% risk of failure)
Confirm with . or Enter, or press ? or * to list all spells.
Aiming: Ensorcelled Hibernation (safe; 14% risk of failure)
Press: ? - help, Shift-Dir - straight line, f/p - river rat
Aim: a river rat (severely wounded, chance to defeat MR: 48%)
The river rat resists with some effort.
The river rat closely misses you.
You hit the river rat.
The river rat is almost dead.
The river rat bites you.
You die...
Fedhas appreciates your contribution to the ecosystem.

############
#_________.#
#_________.#
#_______...#######
##########'##.....
#.?(.')))'.##.....
##########.##.....
#@r...[....††.....
#+#####'#####.....
#..#..# #.....
#..†..# ####'#
#.o#### #.....
#..# #..... #..#
#..... ##r# #...<.
... #.....


You could see a river rat.

Vanquished Creatures
  A worker ant (D)
  An ooze (D)
  A leopard gecko (D)
  An orc (D)
  A giant cockroach (D)
  A quokka (D)
  A kobold (D)
7 creatures vanquished.

Notes
Turn   | Place    | Note
-------+----------+-------------------------------------------
     0 | D        | sahdkjhfkaj the Spriggan Enchanter began the quest for the
                  | Orb.
     0 | D        | Reached XP level 1. HP: 9/9 MP: 5/5
    17 | D        | Reached skill level 5 in Stealth
    21 | D        | Found a bloodstained altar of Trog.
    21 | D        | Found a shimmering blue altar of Sif Muna.
    21 | D        | Found a viscous altar of Jiyva.
    21 | D        | Found a hazy altar of Hepliaklqana.
    21 | D        | Found an opulent altar of Gozag.
    22 | D        | Found a glowing golden altar of the Shining One.
    22 | D        | Found a glowing silver altar of Zin.
    22 | D        | Found a basalt altar of Yredelemnul.
    22 | D        | Found a shimmering altar of Xom.
    22 | D        | Found an ornate altar of the Wu Jian Council.
    22 | D        | Found a sacrificial altar of Ru.
    22 | D        | Found a stormy altar of Qazlal.
    22 | D        | Found an iron altar of Okawaru.
    22 | D        | Found a sparkling altar of Nemelex Xobeh.
    22 | D        | Found a burning altar of Makhleb.
    22 | D        | Found a blossoming altar of Fedhas.
    22 | D        | Found a white marble altar of Elyvilon.
    22 | D        | Found a shadowy altar of Dithmenos.
    22 | D        | Found a snail-covered altar of Cheibriados.
    23 | D        | Found a radiant altar of Vehumet.
    23 | D        | Found a corrupted altar of Lugonu.
    23 | D        | Found a roughly hewn altar of Beogh.
    24 | D        | Found a hide-covered altar of Uskayaw.
    24 | D        | Found an ancient bone altar of Kikubaaqudgha.
    24 | D        | Found a broken altar of Ashenzari.
    27 | D        | Became a worshipper of Fedhas Madash
    61 | D        | Reached skill level 7 in Stealth
    82 | D        | Noticed a worker ant
    87 | D        | Reached * piety under Fedhas
    87 | D        | Reached XP level 2. HP: 13/13 MP: 4/6
   100 | D        | Learned a level 2 spell: Ensorcelled Hibernation
   109 | D        | Reached skill level 10 in Stealth
   109 | D        | Reached XP level 3. HP: 16/16 MP: 5/8
   176 | D        | Noticed an orc warrior
   188 | D        | Reached ** piety under Fedhas
   209 | D        | Slain by a river rat

Illustrated notes

Levels and vault maps discovered:
D:        pitsprint [storerooms_1, entrance_room_1, metal_vault_8, armoury_2,
          mini_pit_1, grid_room_1, main_hall_1, silver_pit, the_coven_3,
          the_vestibule_1, steel_vault_2, golden_pit, hallway_of_sentries,
          crystal_vault_4, iron_vault_3, final_vault]

Skill      XL: |  1  2 |
---------------+-------+-----
Stealth        | 7 10 | 10.7
Short Blades   | |  1.1
Dodging        | |  3.0
Spellcasting   | |  2.6
Hexes          | |  3.6

Action                   || total
-------------------------++-------
Melee: Dagger            ||    33
 Cast: Corona            ||     2
       Ensorcelled Hiber ||     6
 Stab: Sleeping          ||     4
Dodge: Dodged            ||    27

Table legend: (Time is in decaauts)
 A = Elapsed time spent in this place.
 B = Non-inter-level travel time spent in this place.
 C = Inter-level travel time spent in this place.
 D = Time resting spent in this place.
 E = Time spent auto-exploring this place.
 F = Levels seen in this place.
 G = Mean time per level.
                   A        B        C        D        E       F      G
               +--------+--------+--------+--------+--------+-----+--------+
         Total |    174 |    174 |      0 |     64 |      0 |   1 |  174.0 |
       Dungeon |    174 |    174 |      0 |     64 |      0 |   1 |  174.0 |
               +--------+--------+--------+--------+--------+-----+--------+

Top non-repeatable levels by time:
       D: 174 daAuts
